 Dungeon Crawl Stone Soup version 0.25.1-2-g60ff931df9 (webtiles) character file.

Game seed: 17912125236690989069

9564 Delamore the Basher (level 11, -7/69 HPs)
             Began as a Gargoyle Fighter on Oct 30, 2020.
             Was a High Priest of Okawaru.
             Mangled by a black mamba (11 damage)
             ... on level 2 of the Lair of Beasts.
             The game lasted 00:10:15 (10990 turns).

Delamore the Basher (Gargoyle Fighter)             Turns: 10990, Time: 00:10:16

Health: -7/69      AC: 19    Str: 29    XL:     11   Next: 48%
Magic:  11/11      EV:  7    Int:  9    God:    Okawaru [*****.]
Gold:   596        SH: 13    Dex:  9    Spells: 10/10 levels left

rFire    . . .     SeeInvis .   m - +2 whip (elec)
rCold    + . .     Gourm    .   c - +1 kite shield
rNeg     + . .     Faith    .   s - +0 chain mail {rC+}
rPois    ∞         Spirit   .   y - +0 hat
rElec    +         Reflect  .   j - +0 cloak
rCorr    .         Harm     .   p - +0 pair of gloves
MR       +....                  (no boots)
Stlth    ..........             (no amulet)
HPRegen  0.21/turn              D - +6 ring of strength
MPRegen  0.12/turn              u - ring of protection from magic

@: no status effects
A: negative energy resistance 1, electricity resistance, unbreathing,
petrification resistance, rot immunity, AC +8
a: Heroism, Finesse, Renounce Religion


You were on level 2 of the Lair of Beasts.
You worshipped Okawaru.
Okawaru was extremely pleased with you.
You were not hungry.

You visited 3 branches of the dungeon, and saw 12 of its levels.
You also visited: Ossuary.

You collected 596 gold pieces.

Inventory:

Hand Weapons
 a - a +0 flail
 m - a +2 whip of electrocution (weapon)
Armour
 b - a +0 scale mail
 c - a +1 kite shield (worn)
 j - a +0 cloak (worn)
 p - a +0 pair of gloves (worn)
 s - a +0 chain mail of cold resistance (worn)
 y - a +0 hat (worn)
Jewellery
 u - a ring of protection from magic (right hand)
 D - a +6 ring of strength (left hand)
Wands
 A - a wand of digging (6)
 I - a wand of flame (24)
Scrolls
 e - 3 scrolls of remove curse
 g - 3 scrolls of enchant armour
 i - 6 scrolls of teleportation
 o - 2 scrolls of magic mapping
 t - 2 scrolls of fear
 x - a scroll of brand weapon
 B - 2 scrolls of random uselessness
 E - 2 scrolls of vulnerability {unknown}
 G - 3 scrolls of enchant weapon {unknown}
 H - a scroll of amnesia {unknown}
 J - a scroll of immolation {unknown}
 K - 5 scrolls of fog {unknown}
 L - a scroll of holy word {unknown}
 M - a scroll of blinking
Potions
 d - 2 potions of might
 h - 3 potions of lignification
 k - 4 potions of degeneration
 l - 2 potions of magic
 n - a potion of ambrosia {unknown}
 q - a potion of mutation {unknown}
 r - 4 potions of heal wounds {unknown}
 v - 7 potions of curing {unknown}
 w - 2 potions of haste {unknown}
 z - a potion of cancellation {unknown}
 C - 2 potions of brilliance {unknown}
 F - 2 potions of stabbing {unknown}
Comestibles
 f - 14 rations


   Skills:
 + Level 8.7 Fighting
 - Level 14.0 Maces & Flails
 - Level 3.2 Armour
 + Level 8.7 Shields


You had 10 spell levels left.
You didn't know any spells.
Your spell library contained the following spells:

 Spells                   Type           Power        Failure   Level  Hunger
 Pain                     Necr           #...         99%         1    ##.....
 Sandblast                Erth           #.....       99%         1    ##.....
 Vampiric Draining        Necr           #.........   100%        3    ####...
 Bolt of Magma            Conj/Fire/Erth #.........   100%        5    ######.
 Death Channel            Necr           #.........   100%        6    #######
 Sublimation of Blood     Necr           Unusable     N/A         2    N/A

Dungeon Overview and Level Annotations

Branches:
Dungeon (9/15)             Temple (1/1) D:5            Lair (2/6) D:9
    Orc (0/2) D:9         Ossuary (visited)
  Swamp: Lair:2-4    Shoals: Lair:2-4     Snake: Lair:2-4    Spider: Lair:2-4

Altars:
Ashenzari
Cheibriados
Dithmenos
Elyvilon
Fedhas
Gozag
Hepliaklqana
Kikubaaqudgha
Makhleb
Nemelex Xobeh
Okawaru
Ru
Sif Muna
Trog
Uskayaw
Wu Jian
Xom
Yredelemnul
Zin
The Shining One
Lugonu

Shops:
D:8 (

Annotations:
D:8 2 transporters


Innate Abilities, Weirdness & Mutations

You are resistant to torment.
Your stone body is resilient. (AC +8)
You are immune to poison.
You resist negative energy. (rN+)
You are resistant to electric shocks. (rElec)
You can survive without breathing.
You are immune to petrification.
You are immune to rotting.


Message History

You block the porcupine's attack. You block the bullfrog's attack. x2
The black mamba barely misses you. The black mamba closely misses you.
Found 17 gold pieces.
The bullfrog swells and bulges.
You block the bullfrog's attack. The black mamba bites you.
* * * LOW HITPOINT WARNING * * *
The black mamba bites you but does no damage.
You block the black mamba's attack. You block the black mamba's attack.
The black mamba bites you.
* * * LOW HITPOINT WARNING * * *
You block the black mamba's attack.
Found a gluggy blue potion.
The black mamba bites you.
* * * LOW HITPOINT WARNING * * *
The black mamba bites you!
You die...

.. # . P ### .#
####.###### .##
#.........# ####..##
#.........### ......#
..........+.####.....###
.......?.....$##@.......
P.....%....F.#FS.....##.
+?........##.Fr+.....#
...........#####.!...#
#.........## ####.##
#.#####..## ## ### ###.
#


You could see a black mamba, a spiny frog, a bullfrog and a porcupine.

Vanquished Creatures
  A two-headed ogre (D:9)
  Pikel (D:4)
  The ghost of chimenez the Cudgeler, a novice TrWn (D:7)
  A black mamba (Lair:1)
  3 spiny frogs (Lair:1)
  A komodo dragon (Lair:1)
  Prince Ribbit (D:5)
  3 blink frogs (Lair:1)
  A hippogriff (Lair:1)
  A wyvern (D:9)
  6 yaks (Lair:1)
  A steam dragon (D:9)
  A water moccasin (Lair:1)
  A porcupine (Lair:1)
  2 orc warriors (D:8)
  4 slaves
  2 black bears
  3 sky beasts
  2 ice beasts
  A necrophage (D:8)
  3 ogres
  2 centaurs
  5 crocodiles
  2 elf zombies (Ossuary)
  5 bullfrogs
  3 scorpions
  4 wights (D:6)
  2 crimson imps
  3 centaur zombies
  A bullfrog zombie (D:5)
  2 hounds
  8 human zombies
  2 centaur skeletons (D:7)
  7 orc priests
  3 jellies
  Natasha (thrice) (D:2)
  An iguana (D:4)
  10 orc wizards
  8 worker ants
  2 killer bee zombies
  A big kobold zombie (Ossuary)
  2 hound skeletons (D:8)
  5 mummies
  10 adders
  An ooze (D:6)
  A spectral adder (D:7)
  4 adder skeletons
  An adder zombie (Ossuary)
  5 worms
  2 dart slugs
  4 leopard geckos
  28 orcs
  3 ball pythons
  5 giant cockroaches
  10 goblins
  5 hobgoblins
  8 jackals
  2 quokkas
  5 bats
  3 frilled lizards (D:1)
  A goblin zombie (Ossuary)
  13 hobgoblin zombies (Ossuary)
  A jackal skeleton (D:4)
  A jackal zombie (D:5)
  3 kobolds
  8 kobold zombies (Ossuary)
  8 orc zombies
  7 rats
  2 rat zombies (Ossuary)
262 creatures vanquished.

Vanquished Creatures (others)
  A fungus (Lair:1)
1 creature vanquished.

Grand Total: 263 creatures vanquished

Notes
Turn   | Place    | Note
-------+----------+-------------------------------------------
     0 | D:1      | Delamore the Gargoyle Fighter began the quest for the Orb.
     0 | D:1      | Reached XP level 1. HP: 14/14 MP: 1/1
   294 | D:1      | Found a glowing silver altar of Zin.
   381 | D:1      | Reached XP level 2. HP: 19/19 MP: 2/2
  1118 | D:2      | Reached XP level 3. HP: 15/24 MP: 3/3
  1374 | D:2      | Found a blossoming altar of Fedhas.
  1608 | D:2      | Reached XP level 4. HP: 27/29 MP: 4/4
  1693 | D:2      | Noticed Natasha
  1706 | D:2      | Killed Natasha
  1706 | D:2      | Reached skill level 3 in Maces & Flails
  1991 | D:3      | Reached XP level 5. HP: 31/34 MP: 5/5
  2628 | D:4      | Noticed a slave
  2629 | D:4      | Noticed a slave
  2629 | D:4      | Noticed a slave
  2629 | D:4      | Noticed a slave
  2688 | D:2      | Noticed Natasha
  2695 | D:2      | Killed a slave
  2698 | D:2      | Killed Natasha
  2702 | D:2      | Noticed Natasha
  2962 | D:2      | Killed Natasha
  2962 | D:2      | Reached skill level 5 in Fighting
  2962 | D:2      | Reached skill level 5 in Shields
  2962 | D:2      | Reached XP level 6. HP: 30/40 MP: 6/6
  2990 | D:2      | Killed a slave
  3030 | D:2      | Killed a slave
  3270 | D:4      | Reached skill level 4 in Maces & Flails
  3694 | D:4      | Killed a slave
  3968 | D:4      | Found a shimmering blue altar of Sif Muna.
  4088 | D:5      | Entered Level 5 of the Dungeon
  4092 | D:5      | Noticed Prince Ribbit
  4098 | D:5      | Reached skill level 5 in Maces & Flails
  4184 | D:4      | Noticed Pikel
  4231 | D:4      | Killed Pikel
  4231 | D:4      | Reached skill level 7 in Maces & Flails
  4231 | D:4      | Reached XP level 7. HP: 25/44 MP: 7/7
  4231 | D:4      | Reached XP level 8. HP: 28/49 MP: 8/8
  4372 | D:5      | Killed Prince Ribbit
  4372 | D:5      | Reached skill level 8 in Maces & Flails
  4398 | D:5      | Found a sand-covered staircase.
  4447 | Ossuary  | Entered an ossuary
  4634 | Ossuary  | Reached skill level 9 in Maces & Flails
  4989 | D:5      | Reached skill level 10 in Maces & Flails
  5099 | D:5      | Reached XP level 9. HP: 49/54 MP: 9/9
  5696 | D:5      | Found a staircase to the Ecumenical Temple.
  5713 | Temple   | Entered the Ecumenical Temple
  5911 | Temple   | Became a worshipper of Warmaster Okawaru
  6140 | D:6      | Reached skill level 11 in Maces & Flails
  6576 | D:6      | Found a shimmering altar of Xom.
  6897 | D:7      | Reached * piety under Okawaru
  6980 | D:7      | Found a runed translucent gate.
  6980 | D:7      | Found a runed translucent gate.
  6980 | D:7      | Found a runed translucent gate.
  7289 | D:7      | Noticed chimenez's ghost (novice TrWn)
  7338 | D:7      | Killed chimenez's ghost
  7338 | D:7      | Reached skill level 12 in Maces & Flails
  7455 | D:8      | Reached ** piety under Okawaru
  7455 | D:8      | Reached XP level 10. HP: 59/59 MP: 10/10
  7591 | D:8      | Found a transporter.
  7591 | D:8      | Noticed a red ugly thing
  7591 | D:8      | Noticed a large abomination
  7592 | D:8      | Noticed a white ugly thing
  7593 | D:8      | Found a corrupted altar of Lugonu.
  7593 | D:8      | Noticed a red ugly thing
  7594 | D:8      | Noticed a brown ugly thing
  7799 | D:8      | Found Uczawemo's Antique Weapon Boutique.
  7820 | D:8      | Reached skill level 13 in Maces & Flails
  7884 | D:8      | Found a transporter.
  8152 | D:8      | Found an ancient bone altar of Kikubaaqudgha.
  8858 | D:9      | Found a staircase to the Orcish Mines.
  8875 | D:9      | Reached *** piety under Okawaru
  9056 | D:9      | Noticed a two-headed ogre
  9064 | D:9      | Killed a two-headed ogre
  9064 | D:9      | Reached skill level 14 in Maces & Flails
  9138 | D:9      | Reached **** piety under Okawaru
  9186 | D:9      | Found a staircase to the Lair.
  9648 | Lair:1   | Entered Level 1 of the Lair of Beasts
  9648 | Lair:1   | Noticed a black mamba
  9659 | Lair:1   | Killed a black mamba
  9892 | Lair:1   | Noticed a spiny frog
  9894 | Lair:1   | Reached XP level 11. HP: 66/66 MP: 11/11
 10044 | Lair:1   | Reached ***** piety under Okawaru
 10218 | Lair:1   | Identified the Reference Book on Evil Arts and Earth
 10356 | Lair:1   | Received a gift from Okawaru
 10962 | Lair:2   | Noticed an eight-headed hydra
 10990 | Lair:2   | Mangled by a black mamba

Illustrated notes

Levels and vault maps discovered:
D:1:      nzn_arrival_water_spiral, layout_basic, kennysheep_flooded_box,
          serial_bayou_pond_d
D:2:      layout_rooms, minivault_24, fedhas_altar_2, uniq_natasha
D:3:      cheibrodos_pilgrimage, layout_loops_ring
D:4:      layout_cave_pools, first_ration, led_sif_book, uniq_pikel
D:5:      layout_loops_ring, temple_hall, gup_ossuary_entry_pyramid,
          uniq_prince_ribbit1
D:6:      layout_basic, nicolae_overflow_crystal_walls,
          chequers_serial_rivers_small_a
D:7:      layout_rooms, gammafunk_ghost_necromancy
D:8:      gammafunk_corrupted_shrine, layout_loops_ring, serial_shops,
          nicolae_shop_behind_doors, lemuel_mausoleum_altar_kikubaaqudgha
D:9:      layout_small_grid, dpeg_oklobed_lair, david_orc_3
Temple:   minmay_crystal_snake_temple
Lair:1:   layout_cave_shapes
Lair:2:   layout_roguey, minmay_snake_entry_six_corridors, grunt_megastairs_4

Skill      XL: |  1  2  3  4  5  6  7  8  9 10 11 |
---------------+----------------------------------+-----
Fighting       | 4 5 6 8 |  8.7
Shields        | 4 5 6 8 |  8.7
Maces & Flails | 3 7 10 12 14 | 14.0
Armour         | |  3.2

Action                   |  1- 3 |  4- 6 |  7- 9 | 10-12 || total
-------------------------+-------+-------+-------+-------++-------
Melee: Flail             |   131 |   336 |       |       ||   467
       Whip              |       |       |   430 |   446 ||   876
  Use: Scroll            |       |     8 |     2 |     3 ||    13
       Potion            |       |     1 |       |       ||     1
  Eat: Chunk             |     2 |     5 |     7 |    13 ||    27
       Ration            |       |     1 |     1 |       ||     2
Armor: Scale mail        |    62 |       |       |       ||    62
       Chain mail        |       |   258 |   142 |   138 ||   538
Dodge: Dodged            |    35 |   104 |    43 |    64 ||   246
Block: Kite shield       |    70 |   206 |   131 |   178 ||   585
